Kapcha, chaotic female elven Wizard ------------- |...........-# |........I..|### |......>....-#`## ------------- |.......I...| #############.*.........*| |...........)###############|.....`.....-/ ------------- #|...--.--...| |...|...|...| |..*|{}.|`..| |...|}.}|...| |...-----.... |.... ....| |`... ...`| ------ ------ Kapcha the Conjurer Experience level: 3 Strength: 9 Dexterity: 14 Constitution: 16 Intelligence: 17 Wisdom: 10 Charisma: 10 Health: 0(21) Energy: 6(29) Def: 4 Gold: 234 Moves: 1268 Dungeon seed: 4SBrKrHvlzxwN-ny Game ID: Kapcha_1502947620 Your Inventory: Coins $ - 234 gold pieces Weapons a - a blessed +1 quarterstaff (weapon in hands) Armor e - an uncursed +0 cloak of magic resistance (being worn) y - an uncursed +1 leather armor (being worn) Scrolls i - a blessed scroll of genocide j - an uncursed scroll of enchant armor k - an uncursed scroll of identify s - an uncursed scroll of enchant weapon v - an uncursed scroll of confuse monster w - a cursed scroll of identify x - 4 uncursed scrolls of identify Spellbooks l - a blessed spellbook of force bolt m - an uncursed spellbook of knock Potions f - a potion of unholy water g - an uncursed potion of levitation h - a potion of holy water Rings c - an uncursed ring of warning (on left hand) d - an uncursed ring of see invisible (on right hand) A - a cursed -1 ring of increase damage Wands b - a wand of teleportation (0:5) q - a cursed wand of digging (0:7) Tools n - a magic marker (0:61) o - a cursed blindfold p - an uncursed wooden harp z - a can of grease (0:23) Spells and supernatural/magical abilities: Name Level Category Fail Memory a - force bolt 1 attack 0% 94% k - knock 1 matter 0% 94% W - pray for help -- divine ? -- Your skills at the end: Fighting Skills Weapon Skills quarterstaff [Basic] Spellcasting Skills attack spells [Basic] enchantment spells [Basic] Final Attributes: You were piously aligned. You were magic-protected. You were blinded. You saw invisible. You were warned. You had infravision. You are dead. Vanquished creatures: The Oracle an orc zombie a gas spore 2 hobbits 2 manes a giant rat a red mold a gecko 7 jackals a fox 2 goblins a sewer rat 3 grid bugs a lichen 2 kobold zombies 5 newts 32 creatures vanquished. Voluntary challenges: You used a wielded weapon 20 times, starting on turn 43. You read items or engraved 1 time, starting on turn 58. You never genocided any monsters. You never polymorphed an object. You never changed form. You used no wishes. You never split a pudding. You wrote Elbereth's name 1 time, starting on turn 58. You never violated your personal moral code. Dungeon overview: The Dungeons of Doom: levels 1 to 6 Level 1 a fountain a long staircase Level 2 a scroll shop Level 3 a general store a long staircase Level 4 Level 5 <- You were here a fountain Level 6 History has recorded: On T:1 you entered the Dungeons of Doom to retrieve the Amulet of Yendor! On T:313 you reached level 2 of The Dungeons of Doom. On T:567 you advanced to experience level 2. On T:658 you reached level 3 of The Dungeons of Doom. On T:965 you advanced to experience level 3. On T:977 you reached level 4 of The Dungeons of Doom. On T:1053 you reached level 5 of The Dungeons of Doom. On T:1242 you reached level 6 of The Dungeons of Doom. Score breakdown: Gold: 234 ( 8065 points) Experience: 3 levels ( 7878 points) Exploration: 6 levels ( 12.50%) ( 9784 points) Discoveries: 3 items ( 1.08%) ( 3122 points) Valuables value: (no points given unless you survive) Artifact value: 0 ( 0 points) Variety of kills: 16 monsters ( 4.20%) ( 6147 points) Turncount: 1268 turns ( 0 points) Survival: died (score multiplied by 80%) Total score: 27996 Latest messages: The door resists! The door opens. A cloud of darkness falls upon you. Use the 'moveonly' command to move into a remembered wall. (8x) You sense a monster nearby! You stop searching. It bites! (2x) You miss it. It bites! It misses. You miss it. It bites! It misses. You miss it. It bites! You sense a monster nearby! (2x) It bites! You get zapped! It misses. It bites! (2x) You die... Final status: Goodbye Kapcha the Wizard, killed by a giant bat... You died in The Dungeons of Doom on dungeon level 5 with 27996 points, and 234 pieces of gold, after 1268 moves. You were level 3 with a maximum of 21 hit points when you died.